Unix NetHack Version 5.0.0-0 post-release - last build May 31 2026 23:59:36 (970b52f25bf058293b47ddfd14a1e40e571c508c,branch:main).

Game began 2026-06-08 22:13:01, ended 2026-06-08 22:34:23.

Doran, lawful female human Samurai

                                           ----
                                       ----|..|              --
                                       |..||..|              .|
                                       |..--..--------------..----     -- |
                                       |......................................|
                                      --....----....--.--.....-----           -
                                      |.....| |.......*......>--- --        --
                                      |..^.-- |....................|     ....|
                                      |....-  |.....s.........G.G.....h......|
                                  -.......... ---...@............G....h.....--
                                  ---........|  |..........G.....G..........|
                                   .....--..--  -----..........<............|
                                 -..--.. ----        -...?......| ..........-
                                -.   ..               .........--   ..........|
                                    ...                --*.....|      ........|
                                   -..-                  -------        .....--
                                   ---                                     ..-
                                                                             .|
                                                                             --

Doran the Kunoichi     St:18 Dx:16 Co:17 In:12 Wi:8 Ch:7  Lawful S:2591
Dlvl:9  $:103 HP:0(49) Pw:21(21) AC:3  Xp:6 T:2124  Burdened

Latest messages:
 Q - a bubbly potion.
 R - a wand of striking.
 K - a yellowish brown gem (2 in total).
 C - a white gem (4 in total).
 You see here a bow.
 The rabid rat misses!
 You hit the rabid rat!
 The rabid rat misses!
 You kill the rabid rat!
 You kill the garter snake!
 You step onto a level teleport trap!
 You feel disoriented.
 You materialize on a different level!
 Where do you want to travel to?
 (For instructions type a '?')
 You feel less confused now.
 Where do you want to travel to?
 (For instructions type a '?')
 You descend the stairs.
 Where do you want to travel to?
 (For instructions type a '?')
 You kill the gecko!
 You descend the stairs.
 Where do you want to travel to?
 (For instructions type a '?')
 You descend the stairs.
 Where do you want to travel to?
 (For instructions type a '?')
 You descend the stairs.
 You feel your magical energy drain away!
 A trap door opens up under you!
 You fall down a deep shaft!
 G - a violet gem (3 in total).
 KAABLAMM!!!  You triggered a land mine!
 Your movements are slowed slightly because of your load.
 You fall into a pit!
 You are still in a pit.
 You crawl to the edge of the pit.
 The garter snake bites!
 You kill the garter snake!
 The giant spider bites!
 The giant spider's bite was poisoned!
 You hit the giant spider.
 The giant spider bites!
 The giant spider bites!
 The giant spider's bite was poisoned!
 You die...
 Do you want your possessions identified? [ynq] (y) y
 Do you want to see your attributes? [ynq] (y) y
 Do you want an account of creatures vanquished? [ynaq] (y) q

Inventory:
 Coins    ('$')
  $ - 103 gold pieces
 Amulets  ('"')
  N - a cursed amulet of change
 Weapons  (')')
  B - a rustproof +0 arrow
  x - 23 +0 arrows
  u - 11 cursed +0 arrows
  d - 34 +0 ya (in quiver)
  c - a +0 yumi
  a - a +0 katana (weapon in right hand)
  b - a +0 wakizashi (alternate weapon; not wielded)
 Armor    ('[')
  j - an uncursed +0 orcish helm (being worn)
  L - a cursed -2 cloak of protection
  e - an uncursed rustproof +0 splint mail (being worn)
 Comestibles  ('%')
  H - an uncursed fortune cookie
  p - 3 uncursed gunyoki
  g - an uncursed lichen corpse
 Scrolls  ('?')
  O - a blessed scroll of confuse monster
  m - an uncursed scroll of confuse monster
 Spellbooks  ('+')
  n - an uncursed spellbook of confuse monster
 Potions  ('!')
  o - an uncursed potion of enlightenment
  Q - an uncursed potion of see invisible
 Rings    ('=')
  D - an uncursed ring of conflict
 Wands    ('/')
  q - a wand of create monster (0:14)
  M - a wand of magic missile (0:6)
  R - a wand of striking (0:5)
  J - a wand of striking (0:2)
 Tools    ('(')
  E - an expensive camera (0:79)
  F - an uncursed skeleton key
  I - an uncursed stethoscope
  y - an uncursed tin whistle
 Gems/Stones  ('*')
  z - an uncursed worthless piece of black glass
  v - an uncursed worthless piece of blue glass
  r - a cursed worthless piece of blue glass
  A - 2 uncursed worthless pieces of green glass
  P - an uncursed worthless piece of red glass
  G - 3 uncursed worthless pieces of violet glass
  C - 4 uncursed worthless pieces of white glass
  K - 2 uncursed worthless pieces of yellowish brown glass
  h - 2 uncursed touchstones

Doran the Samurai's attributes:

Background:
 You were a Kunoichi, a level 6 female human Samurai.
 You were lawful, on a mission for Amaterasu Omikami
 who was opposed by Raijin (neutral) and Susanowo (chaotic).
 You were right-handed.
 You were in the Gnomish Mines, on level 9.
 You entered the dungeon 2124 turns ago.
 It was nighttime.
 You had 517 experience points, 123 more were needed to attain level 7.
 Your score was 2591 before end-of-game adjustments.

Basics:
 You had 0 out of 49 hit points.
 You had all 21 energy points (spell power).
 Your armor class was 3.
 Your wallet contained 103 zorkmids.
 Autopickup was on for '$"?/=+!*' plus thrown, with exceptions.

Final Characteristics:
 Your strength was 18 (limit:18/100).
 Your dexterity was 16 (base:17, limit:18).
 Your constitution was 17 (limit:18).
 Your intelligence was 12 (limit:18).
 Your wisdom was 8 (limit:18).
 Your charisma was 7 (limit:18).

Final Status:
 You had wounded legs.
 You weren't hungry.
 You were burdened; movement was slightly slowed.
 You were wielding a long sword.
 You were skilled in long sword.

Final Attributes:
 You were piously aligned.
 You were warded.
 You were fast.
 You are dead.

Miscellaneous:
 You didn't encounter any bones levels.
 Total elapsed playing time was 21 minutes and 21 seconds.

Major events:
 Turn
    1: Doran the lawful female human Samurai entered the dungeon
  232: attained the rank of Ronin (level 3)
  689: entered the Gnomish Mines
 1534: attained the rank of Kunoichi (level 6)
 2124: killed by a giant spider

You didn't know any spells.

Skills:
 Fighting Skills
   martial arts      [Basic]
   two weapon combat [Unskilled]
   riding            [Unskilled]
 Weapon Skills
   dagger            [Unskilled]
   knife             [Unskilled]
   short sword       [Basic]
   broadsword        [Unskilled]
   long sword        [Skilled]
   two-handed sword  [Unskilled]
   saber             [Unskilled]
   flail             [Unskilled]
   quarterstaff      [Unskilled]
   polearms          [Unskilled]
   spear             [Unskilled]
   lance             [Unskilled]
   bow               [Basic]
   shuriken          [Unskilled]
 Spellcasting Skills
   attack spells     [Unskilled]
   divination spells [Unskilled]
   clerical spells   [Unskilled]

Voluntary challenges:
 Character rerolling was not enabled.
 You never genocided any monsters.
 You never polymorphed an object.
 You never changed form.
 You used no wishes.
Achievements:
 You attained the rank of Ronin.
 You entered the Gnomish Mines.
 You entered a shop.
 You attained the rank of Kunoichi.

 The Dungeons of Doom: levels 1 to 4
    Level 1:
    Level 2:
       Some fountains, a sink.
    Level 3:
       A general store.
       Stairs down to The Gnomish Mines.
    Level 4:
       An altar to Amaterasu Omikami.
 The Gnomish Mines: levels 4 to 9
    Level 4:
    Level 5:
    Level 6:
    Level 9: <- You were here.
       Final resting place for
          you, killed by a giant spider.


Vanquished creatures:
 11 Mordor orcs
  7 fog clouds
  4 gnome leaders
  a dwarf
  a homunculus
  2 rabid rats
  a giant bat
  a wererat
  a werejackal
 an acid blob
  a coyote
  2 gas spores
  a hobgoblin
  a giant rat
  2 cave spiders
  a yellow mold
 27 gnomes
  2 garter snakes
  2 geckos
  3 jackals
  a goblin
  a sewer rat
  2 grid bugs
  a bat
  a lichen
  7 newts
85 creatures vanquished.

No species were genocided or became extinct.

Game over:
                       ----------
                      /          \
                     /    REST    \
                    /      IN      \
                   /     PEACE      \
                  /                  \
                  |      Doran       |
                  |      103 Au      |
                  |   killed by a    |
                  |   giant spider   |
                  |                  |
                  |                  |
                  |       2026       |
                 *|     *  *  *      | *
        _________)/\\_//(\/(/\)/\//\/|_)_______

Sayonara Doran the Samurai...

You died in The Gnomish Mines on dungeon level 9 with 2581 points,
and 103 pieces of gold, after 2124 moves.
You were level 6 with a maximum of 49 hit points when you died.

